 Dungeon Crawl Stone Soup version 0.29.0-4-gdea44cf6ec (webtiles) character file.

Game seed: 18375340061202450061

25816 qw the Brawler (level 12, -1/118 HPs)
             Began as a Troll Cinder Acolyte on Sept 3, 2022.
             Was an Elder of Okawaru.
             Slain by an 11-headed hydra (9 damage)
             ... on level 4 of the Lair of Beasts.
             The game lasted 00:06:42 (11126 turns).

qw the Brawler (Troll Cinder Acolyte)              Turns: 11126, Time: 00:06:42

Health: -1/118     AC: 10    Str: 28    XL:     12   Next: 92%
Magic:  13/14      EV:  9    Int: 14    God:    Okawaru [****..]
Gold:   615        SH: 10    Dex:  4    Spells: 13/13 levels left

rFire   + . .      SeeInvis +     - Unarmed
rCold   . . .      Faith    .   a - +0 kite shield
rNeg    . . .      Spirit   .   o - +0 steam dragon scales
rPois   .          Reflect  .   (helmet restricted)
rElec   .          Harm     .   p - +0 cloak
rCorr   .          Rampage  .   (gloves unavailable)
Will    .....                   (boots unavailable)
Stlth   ++........              (no amulet)
HPRegen 1.09/turn               e - ring of see invisible
MPRegen 0.14/turn               r - ring of protection from fire

@: about to teleport, heroic
A: large, unfitting armour, claws 3, regeneration 1, shaggy fur 1, tough skin 1,
horns 2, clever 1
a: Renounce Religion, Heroism, Finesse


You were on level 4 of the Lair of Beasts.
You worshipped Okawaru.
Okawaru was greatly pleased with you.
You visited 3 branches of the dungeon, and saw 14 of its levels.
You also visited: Sewer.

You collected 837 gold pieces.
You spent 222 gold pieces at shops.


Innate Abilities, Weirdness & Mutations

You are too large for most types of armour.
You have claws for hands.
Your natural rate of healing is unusually fast.
You are covered in fur. (AC +1)
You have tough skin. (AC +1)
You have a pair of horns on your head.
Your mind is acute. (Int +4, Str/Dex -1)


   Skills:
 - Level 7.0(12.0) Fighting
 - Level 4.0(9.0) Throwing
 - Level 3.0(8.0) Armour
 - Level 1.5(6.5) Dodging
 + Level 8.1(13.1) Shields
 - Level 16.7(21.7) Unarmed Combat
 - Level 1.0 Spellcasting
 - Level 2.1 Fire Magic
 + Level 4.8 Invocations


You had 13 spell levels left.
You didn't know any spells.
Your spell library contained the following spells:

 Spells                   Type           Power      Damage    Failure   Level
 Scorch                   Fire           12%        2d5       26%         2

Inventory:

Missiles
 f - 2 boomerangs (quivered)
Armour
 a - a +0 kite shield (worn)
 o - +0 steam dragon scales (worn)
 p - a +0 cloak (worn)
Jewellery
 e - a ring of see invisible (left claw)
 r - a ring of protection from fire (right claw)
Scrolls
 h - 3 scrolls of identify
 i - 4 scrolls of teleportation
 u - 3 scrolls of enchant weapon
Potions
 b - 5 potions of might
 d - 2 potions of mutation
 g - 5 potions of haste
 j - 4 potions of heal wounds
 k - 3 potions of curing
 m - 2 potions of resistance

Dungeon Overview and Level Annotations

Branches:
Dungeon (9/15)             Temple (1/1) D:6            Lair (4/5) D:9
 Shoals (0/4) Lair:3       Spider (0/4) Lair:3        Sewer (visited)
  Slime: Lair:4-5       Orc: D:9-12

Altars:
Ashenzari
Dithmenos
Hepliaklqana
Makhleb
Okawaru
Qazlal
Ru
Sif Muna
Xom
Yredelemnul

Shops:
D:2 *   D:4 *   D:6 =(==


Message History

You block the nine-headed hydra's attack.
The nine-headed hydra bites you.
The nine-headed hydra bites you but does no damage.
The nine-headed hydra closely misses you.
The nine-headed hydra bites you.
You block the nine-headed hydra's attack. x2
The nine-headed hydra bites you!
You barely miss the nine-headed hydra.
Your headbutt misses the nine-headed hydra.
The nine-headed hydra is severely wounded.
The nine-headed hydra bites you but does no damage.
The nine-headed hydra bites you.
You block the nine-headed hydra's attack.
The nine-headed hydra bites you but does no damage.
You block the nine-headed hydra's attack.
The nine-headed hydra bites you but does no damage.
The nine-headed hydra bites you! x2
The nine-headed hydra bites you but does no damage.
You rip one of the nine-headed hydra's heads off!
The eight-headed hydra grows two more!
You claw the ten-headed hydra!
The ten-headed hydra is severely wounded.
You rip one of the ten-headed hydra's heads off!
The nine-headed hydra grows two more!
You mangle the 11-headed hydra!!
The 11-headed hydra is almost dead.
The 11-headed hydra bites you!
The 11-headed hydra bites you but does no damage. x2
The 11-headed hydra bites you! You block the 11-headed hydra's attack.
The 11-headed hydra barely misses you.
The 11-headed hydra bites you but does no damage.
The 11-headed hydra bites you! The 11-headed hydra barely misses you.
The 11-headed hydra bites you! The 11-headed hydra bites you.
11126 ||| READING 5 scrolls of teleportation.
As you read the scroll of teleportation, it crumbles to dust.
You feel strangely unstable. The 11-headed hydra barely misses you.
The 11-headed hydra bites you but does no damage.
The 11-headed hydra bites you! You block the 11-headed hydra's attack.
The 11-headed hydra bites you but does no damage. x2
The 11-headed hydra bites you. The 11-headed hydra bites you!
You die...

......#.<.. >.
......#?.. ...
.....#[.# ##.#
#...#...# #...#
#..#....# .#
+.8..###..#..[###...#
.........##..%.....#
#......#...##.#.##
#.D@....## ##
.###.%.8...#
l...l..(....# ##. #.
(.....8...8.# .... ..
(...#.......#..... ..
....#...8...#..... P.
.....#...........# P.
......##...##.%...###.
P. ......#...#
##........ ..


You could see a 11-headed hydra and a komodo dragon.

Vanquished Creatures
  2 hydras
  2 boulder beetles
  4 two-headed ogres
  2 centaur warriors (D:8)
  A black mamba (Lair:2)
  6 cane toads
  A torpor snail (Lair:2)
  2 rime drakes (Lair:3)
  3 komodo dragons
  3 polar bears
  A meliai (D:8)
  3 blink frogs (Lair:4)
  2 dream sheep
  A wraith (D:8)
  6 wyverns
  10 fire elementals
  46 yaks
  2 steam dragons
  A vampire mosquito (D:8)
  4 basilisks
  3 redbacks (Lair:3)
  An acid dragon (D:9)
  11 water moccasins
  2 sky beasts
  2 orc warriors (D:8)
  A sky beast (shapeshifter) (D:8)
  2 ice beasts (D:6)
  2 ogres
  5 wolves (Lair:1)
  A centaur (D:9)
  A phantom (D:4)
  3 kobold brigands
  12 bullfrogs
  2 scorpions
  A necrophage (D:6)
  2 wights (D:8)
  8 killer bees
  3 howler monkeys
  3 hounds
  2 jellies
  5 orc priests
  2 gnoll boudas
  4 iguanas
  10 orc wizards
  10 hell rats
  14 gnolls
  8 adders
  A shadow imp (D:5)
  3 white imps
  An ufetubus (D:5)
  2 worms (D:2)
  5 dart slugs
  29 orcs
  5 endoplasms
  7 giant cockroaches
  6 goblins
  10 hobgoblins
  5 jackals (D:3)
  A quokka (D:6)
  9 ball pythons
  10 bats
  8 frilled lizards
  23 kobolds
  17 rats
364 creatures vanquished.

Vanquished Creatures (others)
  3 fungi
  39 plants
42 creatures vanquished.

Grand Total: 406 creatures vanquished

Notes
Turn   | Place    | Note
-------+----------+-------------------------------------------
     0 | D:1      | qw the Troll Cinder Acolyte began the quest for the Orb.
     0 | D:1      | Reached XP level 1. HP: 22/22 MP: 1/1
     0 | D:1      | 0 ||| qw: Version: 0.1-a-100-g36b9a1f
     0 | D:1      | 0 ||| qw: Game counter: 5043
     0 | D:1      | 0 ||| qw: Always use a shield: true
     0 | D:1      | 0 ||| qw: God list: Okawaru
     0 | D:1      | 0 ||| qw: Allow faded altars: false
     0 | D:1      | 0 ||| qw: Do Orc after D:15 true
     0 | D:1      | 0 ||| qw: Do second Lair branch before Depths: true
     0 | D:1      | 0 ||| qw: Lair rune preference: random
     0 | D:1      | 0 ||| qw: Plans: Normal
     0 | D:1      | 0 ||| PLANNING D:1-11
    16 | D:1      | 16 ||| Stepping ~*~*~tactically~*~*~ (stealth).
    21 | D:1      | 21 ||| Stepping ~*~*~tactically~*~*~ (stealth).
   151 | D:1      | Reached XP level 2. HP: 29/29 MP: 2/2
   169 | D:1      | 169 ||| Stepping ~*~*~tactically~*~*~ (stealth).
   170 | D:1      | 170 ||| Stepping ~*~*~tactically~*~*~ (stealth).
   254 | D:1      | 254 ||| Stepping ~*~*~tactically~*~*~ (stealth).
   262 | D:1      | 262 ||| Stepping ~*~*~tactically~*~*~ (stealth).
   276 | D:1      | 276 ||| Stepping ~*~*~tactically~*~*~ (hiding).
   277 | D:1      | 277 ||| Stepping ~*~*~tactically~*~*~ (hiding).
   286 | D:1      | Reached skill level 4 in Unarmed Combat
   287 | D:1      | 287 ||| Stepping ~*~*~tactically~*~*~ (stealth).
   288 | D:1      | 288 ||| Stepping ~*~*~tactically~*~*~ (stealth).
   292 | D:1      | 292 ||| Stepping ~*~*~tactically~*~*~ (stealth).
   300 | D:1      | 300 ||| Stepping ~*~*~tactically~*~*~ (outnumbered).
   303 | D:1      | 303 ||| Stepping ~*~*~tactically~*~*~ (outnumbered).
   304 | D:1      | 304 ||| Stepping ~*~*~tactically~*~*~ (outnumbered).
   309 | D:1      | 309 ||| Stepping ~*~*~tactically~*~*~ (stealth).
   310 | D:1      | 310 ||| Stepping ~*~*~tactically~*~*~ (stealth).
   327 | D:1      | Reached XP level 3. HP: 35/36 MP: 3/3
   337 | D:1      | 337 ||| Stepping ~*~*~tactically~*~*~ (stealth).
   338 | D:1      | 338 ||| Stepping ~*~*~tactically~*~*~ (stealth).
   344 | D:1      | 344 ||| Stepping ~*~*~tactically~*~*~ (stealth).
   346 | D:1      | 346 ||| Stepping ~*~*~tactically~*~*~ (outnumbered).
   352 | D:1      | 352 ||| Stepping ~*~*~tactically~*~*~ (hiding).
   353 | D:1      | 353 ||| Stepping ~*~*~tactically~*~*~ (hiding).
   371 | D:1      | Found a faded altar of an unknown god.
   508 | D:1      | You fall into a shaft and drop 1 floor!
   765 | D:2      | Reached XP level 4. HP: 44/44 MP: 4/4
   785 | D:2      | Reached skill level 5 in Unarmed Combat
   810 | D:2      | Found a shimmering altar of Xom.
   865 | D:2      | Found Ysatideb's Assorted Antiques.
   871 | D:2      | 871 ||| READING scroll labelled INILO LOAS.
   872 | D:2      | 872 ||| READING 2 scrolls labelled RUMEKHUURI.
   873 | D:2      | 873 ||| READING scroll labelled BAKODW QITT.
   874 | D:2      | 874 ||| READING scroll labelled ACVUGYGGOOC.
   877 | D:2      | 877 ||| DRINKING 3 fuming inky potions.
   878 | D:2      | 878 ||| DROPPING scroll of amnesia.
  1144 | D:2      | Found the +7 Throatcutter {drain, coup de grace}
  1250 | D:2      | 1250 ||| BUYING bubbling coppery potion (21 gold).
  1250 | D:2      | Bought a bubbling coppery potion for 21 gold pieces
  1250 | D:2      | 1250 ||| BUYING cyan potion (21 gold).
  1250 | D:2      | Bought a cyan potion for 21 gold pieces
  1250 | D:2      | 1250 ||| SHOPLISTING fizzy emerald potion (21 gold, have
                  | 15).
  1250 | D:2      | 1250 ||| SHOPLISTING red potion (21 gold, have 15).
  1250 | D:2      | 1250 ||| SHOPLISTING scroll labelled SAZIDE ZINIAS (24
                  | gold, have 15).
  1311 | D:2      | 1311 ||| DRINKING 2 bubbling coppery potions.
  1311 | D:2      | Gained mutation: You have a pair of small horns on your
                  | head. [potion of mutation]
  1311 | D:2      | Gained mutation: You have a pair of horns on your head.
                  | [potion of mutation]
  1311 | D:2      | Gained mutation: Your mind is acute. (Int +4, Str/Dex -1)
                  | [potion of mutation]
  1360 | D:3      | 1360 ||| Stepping ~*~*~tactically~*~*~ (hiding).
  1375 | D:3      | 1375 ||| Stepping ~*~*~tactically~*~*~ (hiding).
  1385 | D:3      | Reached XP level 5. HP: 50/50 MP: 5/5
  1501 | D:3      | 1501 ||| Stepping ~*~*~tactically~*~*~ (stealth).
  1507 | D:3      | 1507 ||| Stepping ~*~*~tactically~*~*~ (stealth).
  1517 | D:3      | Reached skill level 6 in Unarmed Combat
  1553 | D:3      | 1553 ||| Stepping ~*~*~tactically~*~*~ (outnumbered).
  1557 | D:3      | 1557 ||| Stepping ~*~*~tactically~*~*~ (stealth).
  1558 | D:3      | 1558 ||| Stepping ~*~*~tactically~*~*~ (outnumbered).
  1559 | D:3      | 1559 ||| Stepping ~*~*~tactically~*~*~ (outnumbered).
  1560 | D:3      | 1560 ||| Stepping ~*~*~tactically~*~*~ (outnumbered).
  1561 | D:3      | 1561 ||| Stepping ~*~*~tactically~*~*~ (outnumbered).
  1563 | D:3      | 1563 ||| Stepping ~*~*~tactically~*~*~ (outnumbered).
  1723 | D:3      | 1723 ||| Stepping ~*~*~tactically~*~*~ (hiding).
  2192 | D:3      | 2192 ||| READING scroll labelled HIOPOI QEOTAGHA.
  2361 | D:4      | Found Azafo's Fire Supplies.
  2368 | D:4      | 2368 ||| SHOPLISTING +0 fire dragon scales (720 gold, have
                  | 77).
  2368 | D:4      | 2368 ||| SHOPLISTING +2 cloak of fire resistance (258 gold,
                  | have 77).
  2368 | D:4      | 2368 ||| SHOPLISTING ring of fire (300 gold, have 77).
  2383 | D:4      | 2383 ||| Stepping ~*~*~tactically~*~*~ (hiding).
  2443 | D:4      | 2443 ||| Stepping ~*~*~tactically~*~*~ (hiding).
  2446 | D:4      | 2446 ||| Stepping ~*~*~tactically~*~*~ (hiding).
  2456 | D:4      | Reached skill level 1 in Throwing
  2463 | D:4      | 2463 ||| INVOKING Fiery Armour.
  2468 | D:4      | Reached XP level 6. HP: 25/59 MP: 6/6
  2469 | D:4      | 2469 ||| FLEEEEING.
  2507 | D:4      | 2507 ||| Stepping ~*~*~tactically~*~*~ (stealth).
  2536 | D:4      | Reached skill level 7 in Unarmed Combat
  2768 | D:4      | 2768 ||| READING scroll labelled GEXOTO PACUQABB.
  2769 | D:4      | 2769 ||| DRINKING 2 red potions.
  2770 | D:4      | 2770 ||| READING 2 scrolls of identify.
  2770 | D:4      | 2770 ||| IDENTIFYING smoky white potion
  2771 | D:4      | 2771 ||| DROPPING potion of lignification.
  2772 | D:4      | 2772 ||| DROPPING potion of brilliance.
  2794 | D:5      | Entered Level 5 of the Dungeon
  2795 | D:5      | 2795 ||| STAIRDANCE
  2797 | D:4      | 2797 ||| INVOKING Fiery Armour.
  2820 | D:5      | 2820 ||| STAIRDANCE
  2831 | D:5      | Reached XP level 7. HP: 58/66 MP: 7/7
  2831 | D:5      | 2831 ||| FLEEEEING.
  2832 | D:5      | 2832 ||| STAIRDANCE
  2898 | D:5      | Reached skill level 8 in Unarmed Combat
  3241 | D:5      | Reached skill level 3 in Fighting
  3500 | D:5      | 3500 ||| UPGRADING to +0 cloak.
  3505 | D:5      | 3505 ||| READING scroll labelled SAZIDE ZINIAS.
  3506 | D:5      | 3506 ||| READING 2 scrolls labelled SAOJOYMUT.
  3507 | D:5      | 3507 ||| READING scroll labelled ZIJOCE SOWOLUI.
  3508 | D:5      | 3508 ||| READING 3 scrolls of identify.
  3508 | D:5      | 3508 ||| IDENTIFYING yellow potion
  3509 | D:5      | 3509 ||| READING 2 scrolls of identify.
  3509 | D:5      | 3509 ||| IDENTIFYING cyan potion
  3510 | D:5      | 3510 ||| DROPPING scroll of noise.
  3527 | D:6      | 3527 ||| PLANNING SEWER
  3530 | D:6      | 3530 ||| INVOKING Fiery Armour.
  3531 | D:6      | 3531 ||| Stepping ~*~*~tactically~*~*~ (outnumbered).
  3532 | D:6      | 3532 ||| Stepping ~*~*~tactically~*~*~ (outnumbered).
  3534 | D:6      | 3534 ||| Stepping ~*~*~tactically~*~*~ (outnumbered).
  3536 | D:6      | 3536 ||| Stepping ~*~*~tactically~*~*~ (outnumbered).
  3537 | D:6      | 3537 ||| Stepping ~*~*~tactically~*~*~ (outnumbered).
  3537 | D:6      | Found Sep Noaf's Weapon Shop.
  3540 | D:6      | 3540 ||| Stepping ~*~*~tactically~*~*~ (outnumbered).
  3540 | D:6      | Found Junaotz's Jewellery Emporium.
  3542 | D:6      | HP: 15/67 [gnoll/+0 flail (6)]
  3543 | D:6      | 3543 ||| READING 3 scrolls of teleportation.
  3544 | D:6      | 3544 ||| DRINKING potion of heal wounds.
  3653 | D:6      | Found a staircase to the Ecumenical Temple.
  3661 | D:6      | Found Lekkido's Jewellery Shop.
  3669 | D:6      | 3669 ||| SHOPLISTING +4 ring of protection (504 gold, have
                  | 204).
  3669 | D:6      | 3669 ||| SHOPLISTING +6 ring of dexterity (504 gold, have
                  | 204).
  3669 | D:6      | 3669 ||| SHOPLISTING amulet of reflection (420 gold, have
                  | 204).
  3669 | D:6      | 3669 ||| SHOPLISTING ring of ice (350 gold, have 204).
  3669 | D:6      | 3669 ||| SHOPLISTING ring of protection from cold (350
                  | gold, have 204).
  3677 | D:6      | Found Gawkaeni's Jewellery Boutique.
  3689 | D:6      | 3689 ||| INVOKING Fiery Armour.
  3691 | D:6      | Reached skill level 9 in Unarmed Combat
  3742 | D:6      | 3742 ||| SHOPLISTING +4 ring of evasion (468 gold, have
                  | 215).
  3742 | D:6      | 3742 ||| SHOPLISTING +4 ring of protection (468 gold, have
                  | 215).
  3742 | D:6      | 3742 ||| SHOPLISTING amulet of guardian spirit (390 gold,
                  | have 215).
  3742 | D:6      | 3742 ||| SHOPLISTING ring of willpower (325 gold, have
                  | 215).
  3749 | D:6      | 3749 ||| SHOPLISTING +4 ring of protection (432 gold, have
                  | 215).
  3749 | D:6      | 3749 ||| SHOPLISTING +6 ring of strength (432 gold, have
                  | 215).
  3749 | D:6      | 3749 ||| SHOPLISTING amulet of Qesus {Spirit Fly rPois}
                  | (519 gold, have 215).
  3749 | D:6      | 3749 ||| SHOPLISTING amulet of Vitality {RegenMP++ Regen++}
                  | (1200 gold, have 215).
  3749 | D:6      | 3749 ||| SHOPLISTING amulet of the acrobat (360 gold, have
                  | 215).
  3749 | D:6      | 3749 ||| SHOPLISTING ring "Ingixt" {+Blink MP+9 Str+2 Int+4
                  | Stlth-} (542 gold, have 215).
  3749 | D:6      | 3749 ||| SHOPLISTING ring of protection from cold (300
                  | gold, have 215).
  3749 | D:6      | 3749 ||| BUYING ring of see invisible (180 gold).
  3749 | D:6      | Bought a ring of see invisible for 180 gold pieces
  3855 | D:6      | 3855 ||| Stepping ~*~*~tactically~*~*~ (outnumbered).
  3856 | D:6      | 3856 ||| Stepping ~*~*~tactically~*~*~ (outnumbered).
  3862 | D:6      | 3862 ||| INVOKING Fiery Armour.
  3921 | D:6      | Reached XP level 8. HP: 75/75 MP: 8/8
  3948 | D:6      | Found a glowing drain.
  3950 | D:6      | 3950 ||| Stepping ~*~*~tactically~*~*~ (stealth).
  3952 | D:6      | 3952 ||| Stepping ~*~*~tactically~*~*~ (stealth).
  3953 | D:6      | 3953 ||| UPGRADING to ring of see invisible.
  3954 | D:6      | 3954 ||| READING scroll labelled UKIAMYAGICVE.
  3955 | D:6      | 3955 ||| READING scroll labelled LUNTEY TYNEVEO.
  3991 | D:6      | 3991 ||| DRINKING 3 metallic brown potions.
  3992 | D:6      | 3992 ||| READING 2 scrolls of identify.
  3992 | D:6      | 3992 ||| IDENTIFYING purple potion
  3993 | D:6      | 3993 ||| DROPPING potion of magic.
  4000 | Sewer    | Entered a sewer
  4037 | Sewer    | 4037 ||| Stepping ~*~*~tactically~*~*~ (outnumbered).
  4038 | Sewer    | 4038 ||| Stepping ~*~*~tactically~*~*~ (outnumbered).
  4039 | Sewer    | 4039 ||| Stepping ~*~*~tactically~*~*~ (outnumbered).
  4040 | Sewer    | 4040 ||| Stepping ~*~*~tactically~*~*~ (outnumbered).
  4042 | Sewer    | 4042 ||| Stepping ~*~*~tactically~*~*~ (outnumbered).
  4045 | Sewer    | 4045 ||| Stepping ~*~*~tactically~*~*~ (outnumbered).
  4047 | Sewer    | 4047 ||| Stepping ~*~*~tactically~*~*~ (outnumbered).
  4049 | Sewer    | 4049 ||| Stepping ~*~*~tactically~*~*~ (outnumbered).
  4050 | Sewer    | 4050 ||| Stepping ~*~*~tactically~*~*~ (outnumbered).
  4051 | Sewer    | 4051 ||| Stepping ~*~*~tactically~*~*~ (outnumbered).
  4054 | Sewer    | 4054 ||| Stepping ~*~*~tactically~*~*~ (outnumbered).
  4055 | Sewer    | 4055 ||| Stepping ~*~*~tactically~*~*~ (outnumbered).
  4056 | Sewer    | 4056 ||| Stepping ~*~*~tactically~*~*~ (outnumbered).
  4057 | Sewer    | 4057 ||| Stepping ~*~*~tactically~*~*~ (outnumbered).
  4058 | Sewer    | 4058 ||| Stepping ~*~*~tactically~*~*~ (outnumbered).
  4059 | Sewer    | 4059 ||| INVOKING Fiery Armour.
  4175 | Sewer    | 4175 ||| Stepping ~*~*~tactically~*~*~ (outnumbered).
  4177 | Sewer    | 4177 ||| Stepping ~*~*~tactically~*~*~ (outnumbered).
  4235 | Sewer    | 4235 ||| Stepping ~*~*~tactically~*~*~ (outnumbered).
  4237 | Sewer    | 4237 ||| Stepping ~*~*~tactically~*~*~ (outnumbered).
  4238 | Sewer    | 4238 ||| Stepping ~*~*~tactically~*~*~ (outnumbered).
  4239 | Sewer    | 4239 ||| Stepping ~*~*~tactically~*~*~ (outnumbered).
  4241 | Sewer    | 4241 ||| Stepping ~*~*~tactically~*~*~ (outnumbered).
  4242 | Sewer    | 4242 ||| Stepping ~*~*~tactically~*~*~ (outnumbered).
  4243 | Sewer    | 4243 ||| Stepping ~*~*~tactically~*~*~ (outnumbered).
  4299 | Sewer    | 4299 ||| READING 3 scrolls of identify.
  4299 | Sewer    | 4299 ||| IDENTIFYING bubbling silvery potion
  4300 | Sewer    | 4300 ||| READING 2 scrolls of identify.
  4300 | Sewer    | 4300 ||| IDENTIFYING fuming brown potion
  4305 | D:6      | 4305 ||| PLANNING D:1-11
  4331 | D:6      | Reached skill level 10 in Unarmed Combat
  4736 | D:7      | 4736 ||| Stepping ~*~*~tactically~*~*~ (hiding).
  4738 | D:7      | 4738 ||| Stepping ~*~*~tactically~*~*~ (outnumbered).
  4745 | D:7      | 4745 ||| INVOKING Fiery Armour.
  4748 | D:7      | 4748 ||| Stepping ~*~*~tactically~*~*~ (outnumbered).
  4752 | D:7      | Found a sacrificial altar of Ru.
  4841 | D:7      | Found a shimmering blue altar of Sif Muna.
  4883 | D:7      | 4883 ||| Stepping ~*~*~tactically~*~*~ (stealth).
  4886 | D:7      | 4886 ||| Stepping ~*~*~tactically~*~*~ (hiding).
  5052 | D:7      | 5052 ||| READING scroll labelled HAOLYAN JUISA.
  5053 | D:7      | 5053 ||| READING scroll labelled TORIKLUNKE.
  5170 | D:8      | 5170 ||| INVOKING Fiery Armour.
  5178 | D:8      | 5178 ||| Stepping ~*~*~tactically~*~*~ (stealth).
  5179 | D:8      | 5179 ||| Stepping ~*~*~tactically~*~*~ (stealth).
  5181 | D:8      | 5181 ||| Stepping ~*~*~tactically~*~*~ (stealth).
  5182 | D:8      | 5182 ||| Stepping ~*~*~tactically~*~*~ (stealth).
  5184 | D:8      | 5184 ||| Stepping ~*~*~tactically~*~*~ (stealth).
  5187 | D:8      | 5187 ||| Stepping ~*~*~tactically~*~*~ (stealth).
  5190 | D:8      | 5190 ||| Stepping ~*~*~tactically~*~*~ (outnumbered).
  5191 | D:8      | 5191 ||| Stepping ~*~*~tactically~*~*~ (outnumbered).
  5192 | D:8      | 5192 ||| Stepping ~*~*~tactically~*~*~ (outnumbered).
  5193 | D:8      | 5193 ||| STAIRDANCE
  5195 | D:7      | 5195 ||| Stepping ~*~*~tactically~*~*~ (outnumbered).
  5196 | D:7      | 5196 ||| Stepping ~*~*~tactically~*~*~ (outnumbered).
  5199 | D:7      | 5199 ||| Stepping ~*~*~tactically~*~*~ (outnumbered).
  5200 | D:7      | 5200 ||| Stepping ~*~*~tactically~*~*~ (outnumbered).
  5201 | D:7      | 5201 ||| Stepping ~*~*~tactically~*~*~ (outnumbered).
  5202 | D:7      | Reached skill level 11 in Unarmed Combat
  5203 | D:7      | Reached skill level 1 in Dodging
  5203 | D:7      | Reached XP level 9. HP: 78/84 MP: 9/9
  5221 | D:8      | 5221 ||| Stepping ~*~*~tactically~*~*~ (stealth).
  5301 | D:8      | Reached skill level 3 in Throwing
  5312 | D:8      | 5312 ||| Stepping ~*~*~tactically~*~*~ (hiding).
  5315 | D:8      | 5315 ||| Stepping ~*~*~tactically~*~*~ (outnumbered).
  5316 | D:8      | 5316 ||| Stepping ~*~*~tactically~*~*~ (outnumbered).
  5318 | D:8      | 5318 ||| Stepping ~*~*~tactically~*~*~ (outnumbered).
  5319 | D:8      | 5319 ||| Stepping ~*~*~tactically~*~*~ (outnumbered).
  5350 | D:8      | Reached skill level 12 in Unarmed Combat
  5377 | D:8      | 5377 ||| FLEEEEING.
  5378 | D:8      | 5378 ||| FLEEEEING.
  5379 | D:8      | 5379 ||| FLEEEEING.
  5380 | D:8      | 5380 ||| FLEEEEING.
  5381 | D:8      | 5381 ||| FLEEEEING.
  5383 | D:8      | 5383 ||| STAIRDANCE
  5401 | D:8      | 5401 ||| Stepping ~*~*~tactically~*~*~ (outnumbered).
  5402 | D:8      | 5402 ||| Stepping ~*~*~tactically~*~*~ (outnumbered).
  5403 | D:8      | 5403 ||| Stepping ~*~*~tactically~*~*~ (outnumbered).
  5407 | D:8      | 5407 ||| INVOKING Fiery Armour.
  5492 | D:8      | Noticed a two-headed ogre
  5498 | D:8      | Killed a two-headed ogre
  5499 | D:8      | Reached skill level 13 in Unarmed Combat
  5499 | D:8      | Reached XP level 10. HP: 89/96 MP: 10/10
  5502 | D:8      | 5502 ||| Stepping ~*~*~tactically~*~*~ (stealth).
  5514 | D:8      | Reached skill level 1 in Armour
  5526 | D:8      | Noticed a two-headed ogre
  5533 | D:8      | Killed a two-headed ogre
  5609 | D:8      | Noticed a two-headed ogre
  5617 | D:8      | Killed a two-headed ogre
  5618 | D:8      | Reached skill level 14 in Unarmed Combat
  5659 | D:8      | 5659 ||| INVOKING Fiery Armour.
  5661 | D:8      | Noticed a centaur warrior
  5662 | D:8      | Noticed a centaur warrior
  5663 | D:8      | Noticed a boulder beetle
  5665 | D:8      | Noticed a four-headed hydra
  5673 | D:8      | 5673 ||| Stepping ~*~*~tactically~*~*~ (outnumbered).
  5673 | D:8      | HP: 24/98 [centaur warrior/+0 hand axe (1)]
  5674 | D:8      | 5674 ||| Stepping ~*~*~tactically~*~*~ (stealth).
  5675 | D:8      | Killed a centaur warrior
  5676 | D:8      | Reached skill level 6 in Fighting
  5678 | D:8      | 5678 ||| READING 3 scrolls of teleportation.
  5679 | D:8      | 5679 ||| DRINKING 4 potions of heal wounds.
  5752 | D:8      | 5752 ||| Stepping ~*~*~tactically~*~*~ (hiding).
  5755 | D:8      | 5755 ||| Stepping ~*~*~tactically~*~*~ (hiding).
  5777 | D:8      | 5777 ||| Stepping ~*~*~tactically~*~*~ (stealth).
  5851 | D:8      | 5851 ||| INVOKING Fiery Armour.
  5852 | D:8      | 5852 ||| Stepping ~*~*~tactically~*~*~ (outnumbered).
  5855 | D:8      | Killed a centaur warrior
  5857 | D:8      | 5857 ||| Stepping ~*~*~tactically~*~*~ (outnumbered).
  5862 | D:8      | Reached XP level 11. HP: 104/107 MP: 11/11
  5871 | D:8      | Killed a boulder beetle
  5872 | D:8      | Reached skill level 15 in Unarmed Combat
  5944 | D:8      | Killed a six-headed hydra
  5998 | D:8      | Identified the +0 plate armour of Ignis's Vengeance {Drain
                  | +Blink rF+}
  6024 | D:8      | 6024 ||| Stepping ~*~*~tactically~*~*~ (stealth).
  6048 | D:8      | 6048 ||| Stepping ~*~*~tactically~*~*~ (stealth).
  6147 | D:8      | 6147 ||| Stepping ~*~*~tactically~*~*~ (stealth).
  6151 | D:8      | 6151 ||| Stepping ~*~*~tactically~*~*~ (stealth).
  6207 | D:8      | 6207 ||| Stepping ~*~*~tactically~*~*~ (stealth).
  6252 | D:8      | 6252 ||| Stepping ~*~*~tactically~*~*~ (stealth).
  6405 | D:8      | 6405 ||| UPGRADING to +0 steam dragon scales.
  6415 | D:8      | 6415 ||| DROPPING +0 robe.
  6416 | D:8      | 6416 ||| UPGRADING to ring of protection from fire.
  6417 | D:8      | 6417 ||| READING scroll labelled POIFEDW QORUNG.
  6418 | D:8      | 6418 ||| READING 4 scrolls labelled IBRENO NESEED.
  6419 | D:8      | 6419 ||| READING scroll labelled UCRIECZADDI.
  6420 | D:8      | 6420 ||| READING 6 scrolls of identify.
  6420 | D:8      | 6420 ||| IDENTIFYING glowing coppery potion
  6421 | D:8      | 6421 ||| READING 5 scrolls of identify.
  6421 | D:8      | 6421 ||| IDENTIFYING amethyst potion
  6422 | D:8      | 6422 ||| DROPPING potion of invisibility.
  6423 | D:8      | 6423 ||| DROPPING potion of ambrosia.
  6435 | D:9      | 6435 ||| STAIRDANCE
  6470 | D:9      | 6470 ||| STAIRDANCE
  6509 | D:9      | Found a shadowy altar of Dithmenos.
  6719 | D:9      | Noticed a two-headed ogre
  6726 | D:9      | Killed a two-headed ogre
  6727 | D:9      | Reached skill level 3 in Armour
  6937 | D:9      | 6937 ||| INVOKING Fiery Armour.
  6941 | D:9      | 6941 ||| DRINKING potion of cancellation.
  6953 | D:9      | Reached skill level 16 in Unarmed Combat
  7059 | D:9      | Found a staircase to the Lair.
  7060 | D:9      | 7060 ||| PLANNING TEMPLE
  7156 | Temple   | Entered the Ecumenical Temple
  7159 | Temple   | 7159 ||| PLANNING CONVERSION TO OKAWARU
  7170 | Temple   | Fell from the grace of Ignis
  7170 | Temple   | Became a worshipper of Warmaster Okawaru
  7171 | Temple   | 7171 ||| PLANNING LAIR
  7276 | Lair:1   | Entered Level 1 of the Lair of Beasts
  7332 | Lair:1   | 7332 ||| Stepping ~*~*~tactically~*~*~ (stealth).
  7348 | Lair:1   | 7348 ||| Stepping ~*~*~tactically~*~*~ (outnumbered).
  7634 | Lair:1   | 7634 ||| Stepping ~*~*~tactically~*~*~ (stealth).
  7640 | Lair:1   | Reached * piety under Okawaru
  7652 | Lair:1   | 7652 ||| DRINKING 4 potions of curing.
  7652 | Lair:1   | 7652 ||| (to cure confusion)
  7657 | Lair:1   | 7657 ||| INVOKING Heroism.
  7734 | Lair:1   | Reached skill level 1 in Invocations
  7745 | Lair:1   | 7745 ||| Stepping ~*~*~tactically~*~*~ (stealth).
  7747 | Lair:1   | 7747 ||| Stepping ~*~*~tactically~*~*~ (stealth).
  7748 | Lair:1   | 7748 ||| Stepping ~*~*~tactically~*~*~ (stealth).
  7883 | Lair:1   | You fall into a shaft and drop 1 floor!
  7926 | Lair:2   | 7926 ||| INVOKING Heroism.
  8000 | Lair:2   | 8000 ||| INVOKING Heroism.
  8047 | Lair:2   | 8047 ||| INVOKING Heroism.
  8051 | Lair:2   | Reached XP level 12. HP: 118/118 MP: 9/12
  8064 | Lair:2   | 8064 ||| Stepping ~*~*~tactically~*~*~ (outnumbered).
  8065 | Lair:2   | 8065 ||| Stepping ~*~*~tactically~*~*~ (outnumbered).
  8066 | Lair:2   | 8066 ||| Stepping ~*~*~tactically~*~*~ (outnumbered).
  8071 | Lair:2   | Reached skill level 3 in Invocations
  8106 | Lair:1   | 8106 ||| INVOKING Heroism.
  8113 | Lair:1   | Reached ** piety under Okawaru
  8355 | Lair:1   | 8355 ||| UPGRADING to +0 kite shield.
  8365 | Lair:1   | 8365 ||| INVOKING Heroism.
  8435 | Lair:2   | 8435 ||| INVOKING Heroism.
  8436 | Lair:2   | 8436 ||| STAIRDANCE
  8455 | Lair:2   | 8455 ||| INVOKING Heroism.
  8463 | Lair:2   | Reached skill level 1 in Shields
  8467 | Lair:2   | 8467 ||| STAIRDANCE
  8792 | Lair:2   | 8792 ||| Stepping ~*~*~tactically~*~*~ (stealth).
  8851 | Lair:2   | 8851 ||| INVOKING Heroism.
  8853 | Lair:2   | 8853 ||| Stepping ~*~*~tactically~*~*~ (outnumbered).
  8854 | Lair:2   | 8854 ||| Stepping ~*~*~tactically~*~*~ (outnumbered).
  8855 | Lair:2   | 8855 ||| Stepping ~*~*~tactically~*~*~ (outnumbered).
  9120 | Lair:2   | 9120 ||| Stepping ~*~*~tactically~*~*~ (stealth).
  9121 | Lair:2   | 9121 ||| Stepping ~*~*~tactically~*~*~ (stealth).
  9127 | Lair:2   | Reached skill level 3 in Shields
  9193 | Lair:2   | You fall into a shaft and drop 2 floors!
  9251 | Lair:4   | 9251 ||| READING 6 scrolls of identify.
  9251 | Lair:4   | 9251 ||| IDENTIFYING fizzy emerald potion
  9252 | Lair:4   | 9252 ||| DROPPING potion of flight.
  9510 | Lair:2   | You fall into a shaft and drop 2 floors!
  9548 | Lair:4   | 9548 ||| Stepping ~*~*~tactically~*~*~ (stealth).
  9550 | Lair:4   | 9550 ||| INVOKING Heroism.
  9567 | Lair:4   | 9567 ||| INVOKING Heroism.
  9625 | Lair:4   | 9625 ||| INVOKING Heroism.
  9634 | Lair:4   | 9634 ||| Stepping ~*~*~tactically~*~*~ (outnumbered).
  9635 | Lair:4   | 9635 ||| Stepping ~*~*~tactically~*~*~ (outnumbered).
  9636 | Lair:4   | 9636 ||| Stepping ~*~*~tactically~*~*~ (outnumbered).
  9637 | Lair:4   | 9637 ||| Stepping ~*~*~tactically~*~*~ (outnumbered).
  9638 | Lair:4   | 9638 ||| Stepping ~*~*~tactically~*~*~ (outnumbered).
  9639 | Lair:4   | 9639 ||| Stepping ~*~*~tactically~*~*~ (outnumbered).
  9641 | Lair:4   | Reached *** piety under Okawaru
  9764 | Lair:3   | 9764 ||| INVOKING Heroism.
  9776 | Lair:3   | Was forgiven by Ignis
  9777 | Lair:3   | 9777 ||| Stepping ~*~*~tactically~*~*~ (outnumbered).
  9860 | Lair:3   | Noticed a seven-headed hydra
  9861 | Lair:3   | 9861 ||| INVOKING Heroism.
  9868 | Lair:3   | Killed an 11-headed hydra
  9869 | Lair:3   | Reached skill level 6 in Shields
  9895 | Lair:3   | 9895 ||| Stepping ~*~*~tactically~*~*~ (stealth).
  9972 | Lair:3   | Found a hole to the Spider Nest.
  9983 | Lair:3   | 9983 ||| INVOKING Heroism.
  9995 | Lair:3   | 9995 ||| Stepping ~*~*~tactically~*~*~ (stealth).
 10011 | Lair:3   | 10011 ||| Stepping ~*~*~tactically~*~*~ (stealth).
 10077 | Lair:3   | 10077 ||| Stepping ~*~*~tactically~*~*~ (stealth).
 10079 | Lair:3   | 10079 ||| Stepping ~*~*~tactically~*~*~ (stealth).
 10156 | Lair:3   | 10156 ||| Stepping ~*~*~tactically~*~*~ (stealth).
 10158 | Lair:3   | 10158 ||| Stepping ~*~*~tactically~*~*~ (stealth).
 10159 | Lair:3   | 10159 ||| Stepping ~*~*~tactically~*~*~ (stealth).
 10161 | Lair:3   | 10161 ||| INVOKING Heroism.
 10163 | Lair:3   | 10163 ||| Stepping ~*~*~tactically~*~*~ (outnumbered).
 10164 | Lair:3   | 10164 ||| Stepping ~*~*~tactically~*~*~ (outnumbered).
 10165 | Lair:3   | 10165 ||| Stepping ~*~*~tactically~*~*~ (outnumbered).
 10166 | Lair:3   | 10166 ||| Stepping ~*~*~tactically~*~*~ (outnumbered).
 10167 | Lair:3   | 10167 ||| Stepping ~*~*~tactically~*~*~ (outnumbered).
 10168 | Lair:3   | 10168 ||| Stepping ~*~*~tactically~*~*~ (outnumbered).
 10169 | Lair:3   | 10169 ||| Stepping ~*~*~tactically~*~*~ (outnumbered).
 10170 | Lair:3   | 10170 ||| Stepping ~*~*~tactically~*~*~ (outnumbered).
 10171 | Lair:3   | 10171 ||| Stepping ~*~*~tactically~*~*~ (outnumbered).
 10172 | Lair:3   | 10172 ||| Stepping ~*~*~tactically~*~*~ (outnumbered).
 10173 | Lair:3   | 10173 ||| Stepping ~*~*~tactically~*~*~ (outnumbered).
 10174 | Lair:3   | 10174 ||| Stepping ~*~*~tactically~*~*~ (outnumbered).
 10175 | Lair:3   | 10175 ||| Stepping ~*~*~tactically~*~*~ (outnumbered).
 10185 | Lair:3   | 10185 ||| INVOKING Heroism.
 10289 | Lair:3   | 10289 ||| INVOKING Heroism.
 10293 | Lair:3   | Reached **** piety under Okawaru
 10540 | Lair:3   | Noticed a boulder beetle
 10548 | Lair:3   | 10548 ||| INVOKING Heroism.
 10572 | Lair:3   | Killed a boulder beetle
 10661 | Lair:3   | 10661 ||| Stepping ~*~*~tactically~*~*~ (stealth).
 10664 | Lair:3   | 10664 ||| Stepping ~*~*~tactically~*~*~ (stealth).
 10665 | Lair:3   | 10665 ||| Stepping ~*~*~tactically~*~*~ (stealth).
 10798 | Lair:3   | Found a staircase to the Shoals.
 11038 | Lair:3   | 11038 ||| READING 5 scrolls of identify.
 11038 | Lair:3   | 11038 ||| IDENTIFYING clear potion
 11039 | Lair:3   | 11039 ||| READING 4 scrolls of identify.
 11039 | Lair:3   | 11039 ||| IDENTIFYING black potion
 11040 | Lair:3   | 11040 ||| DROPPING potion of degeneration.
 11041 | Lair:3   | 11041 ||| DROPPING potion of attraction.
 11091 | Lair:4   | 11091 ||| INVOKING Heroism.
 11115 | Lair:4   | Noticed an eight-headed hydra
 11116 | Lair:4   | 11116 ||| INVOKING Heroism.
 11121 | Lair:4   | 11121 ||| Stepping ~*~*~tactically~*~*~ (stealth).
 11125 | Lair:4   | HP: 27/118 [11-headed hydra (10)]
 11126 | Lair:4   | 11126 ||| READING 5 scrolls of teleportation.
 11126 | Lair:4   | HP: 11/118 [11-headed hydra (12)]
 11126 | Lair:4   | Slain by an 11-headed hydra

Levels and vault maps discovered:
D:1:      minmay_arrival_arboretum_large, layout_loops_ring,
          hellmonk_ecumenical_altar_lost_god
D:2:      layout_basic, basic_altar, serial_shops,
          nicolae_shop_overgrown_old_shop, grunt_ministairs_3,
          minmay_rat_gold_closets
D:3:      minmay_inner_zag, layout_loops_ring
D:4:      layout_basic, nicolae_shop_fire_sale [nicolae_sub_dead_trees]
D:5:      layout_loops_ring, minmay_pentangle
D:6:      nicolae_cairo_tiling_very_big, layout_rooms, serial_shops, shop,
          gup_sewer_entry_pipe, nicolae_wooded_promenade,
          grunt_decor_mini_mirrors
D:7:      layout_cave_pools, mainiacjoe_overflow_two_lobes
D:8:      minmay_the_grid_octo_tiled_octocenter
          [minmay_the_grid_octo_fan_narrow, minmay_the_grid_octo_empty,
          minmay_the_grid_octo_thin_diamonds, minmay_the_grid_octo_horde,
          minmay_the_grid_octo_prize_big_c,
          minmay_the_grid_square_5x5_pentomino_r, minmay_the_grid_square_5x5_v,
          minmay_the_grid_square_5x5_inner_i,
          minmay_the_grid_square_5x5_gyroscope], layout_cave_pools
D:9:      layout_rooms, lemuel_crystal_altar, erik_lair_dragon,
          nicolae_elevator_lobby_asterisk
Temple:   eino_temple_water
Lair:1:   layout_loops_ring, grunt_forest_small_clearings
Lair:2:   layout_layer_cave, grunt_megastairs_2
Lair:3:   layout_hall_layers, elwin_shoals_entry_rooms, spider_nest_entry_webs,
          serial_forest, infiniplex_forest_3_way,
          infiniplex_forest_clump_medium, infiniplex_forest_lined_corner,
          infiniplex_forest_pool, infiniplex_forest_clump_large,
          infiniplex_forest_clump_medium, grunt_megastairs_5
Lair:4:   layout_regular_city, grunt_megastairs_4, infiniplex_staircase_pool,
          lemuel_fruit_tree

Skill      XL: |  1  2  3  4  5  6  7  8  9 10 11 12 |
---------------+-------------------------------------+-----
Unarmed Combat | 4 5 6 7 9 11 13 14 16 | 16.7
Throwing       | 1 2 3 4 |  4.0
Fighting       | 3 4 5 6 7 |  7.0
Dodging        | 1 |  1.5
Armour         | 1 3 |  3.0
Invocations    | 2 4 |  4.8
Shields        | 8 |  8.1
Spellcasting   | |  1.0
Fire Magic     | |  2.1

Action                   |  1- 3 |  4- 6 |  7- 9 | 10-12 || total
-------------------------+-------+-------+-------+-------++-------
Melee: Unarmed           |   123 |   140 |   185 |   419 ||   867
       Punch             |     2 |     1 |    10 |    11 ||    24
       Headbutt          |       |    12 |    19 |    53 ||    84
Throw: Boomerang         |       |    29 |    43 |    33 ||   105
       Javelin           |       |       |    29 |   103 ||   132
Invok: Fiery Armour      |       |     2 |     7 |     3 ||    12
       Heroism           |       |       |       |    21 ||    21
  Use: Scroll            |       |     7 |    13 |    10 ||    30
       Potion            |       |     3 |     2 |     3 ||     8
Armor: Robe              |    47 |    60 |    74 |    31 ||   212
       Steam dragon scal |       |       |       |    92 ||    92
Dodge: Dodged            |    37 |    49 |    81 |   139 ||   306
Block: Kite shield       |       |       |       |    47 ||    47

Table legend:
 A = Non-vault XP
 B = Vault XP
 C = Vault XP percentage of total XP
 D = Non-vault monster count
 E = Vault monster count
 F = Vault count percentage of total count
                 A         B        C        D         E       F
            +---------+---------+-------+---------+---------+-------
      Total |   25421 |   11460 |  31.1 |     257 |      97 |  27.4
            +---------+---------+-------+---------+---------+-------
        D:1 |      59 |       0 |   0.0 |      33 |       0 |   0.0
        D:2 |      48 |      23 |  32.4 |      13 |      11 |  45.8
        D:3 |     164 |      12 |   6.8 |      28 |       4 |  12.5
        D:4 |     423 |       0 |   0.0 |      19 |       0 |   0.0
        D:5 |     248 |       0 |   0.0 |      10 |       0 |   0.0
        D:6 |     778 |      12 |   1.5 |      17 |       6 |  26.1
        D:7 |     678 |      85 |  11.1 |       9 |       1 |  10.0
        D:8 |    4110 |    7818 |  65.5 |      37 |      32 |  46.4
        D:9 |    1729 |    1159 |  40.1 |      11 |       6 |  35.3
     Lair:1 |    3737 |     255 |   6.4 |      23 |       1 |   4.2
     Lair:2 |    4256 |     746 |  14.9 |      22 |       3 |  12.0
     Lair:3 |    6274 |     925 |  12.8 |      23 |       6 |  20.7
     Lair:4 |    2917 |     196 |   6.3 |      12 |       1 |   7.7
      Sewer |       0 |     229 | 100.0 |       0 |      26 | 100.0
            +---------+---------+-------+---------+---------+-------
